 Dungeon Crawl Stone Soup version 0.29-a0-923-g6e406bff71 (webtiles) character file.

Game seed: 4604348282754258021

220 ptdevnull the Sneak (level 5, -1/34 HPs)
             Began as an Octopode Brigand on July 27, 2022.
             Was an Initiate of Cheibriados.
             Slain by a jelly (3 damage)
             ... on level 4 of the Dungeon.
             The game lasted 00:06:38 (3947 turns).

ptdevnull the Sneak (Octopode Brigand)              Turns: 3947, Time: 00:06:38

Health: -1/34      AC: -3    Str: 11    XL:     5   Next: 97%
Magic:  5/5        EV: 13    Int: 14    God:    Cheibriados [......]
Gold:   168        SH:  0    Dex: 17    Spells: 4/4 levels left

rFire   . . .      SeeInvis .   a - +2 dagger
rCold   . . .      Faith    .   (no shield)
rNeg    . . .      Spirit   .   (helmet restricted)
rPois   .          Reflect  .   (no amulet)
rElec   .          Harm     .   (no ring)
rCorr   .          Rampage  .   (no ring)
Will    .....                   (no ring)
Stlth   ++++......              (no ring)
HPRegen 0.11/turn               (no ring)
MPRegen 0.09/turn               (no ring)
                                (no ring)
                                (no ring)

@: weak-willed, corroded, very slow
A: almost no armour, amphibious, 8 rings, camouflage 1, gelatinous body 1,
(nimble swimmer 1), tentacles
a: Renounce Religion


You were on level 4 of the Dungeon.
You worshipped Cheibriados.
Cheibriados was noncommittal.
You visited 1 branch of the dungeon, and saw 4 of its levels.

You collected 168 gold pieces.

Inventory:

Hand Weapons
 a - a +2 dagger (weapon)
Missiles
 b - 9 poisoned darts
 c - 2 curare-tipped darts (quivered)
Scrolls
 d - a scroll of amnesia {unknown}
 e - a scroll of fog
 f - 3 scrolls of enchant armour
 j - a scroll of teleportation {unknown}
 k - a scroll of vulnerability
 l - a scroll of enchant weapon {unknown}
 m - 2 scrolls of identify
 n - a scroll of magic mapping {unknown}
 q - a scroll of torment {unknown}
Potions
 g - 2 potions of lignification
 h - 2 potions of flight
 i - a potion of haste {unknown}
 o - 2 potions of attraction {unknown}
 p - a potion of cancellation {unknown}


   Skills:
 - Level 2.0 Fighting
 * Level 5.0 Short Blades
 + Level 3.5 Throwing
 - Level 1.0 Dodging
 + Level 5.5 Stealth


You had 4 spell levels left.
You didn't know any spells.
Your spell library contained the following spells:

 Spells                   Type           Power      Damage    Failure   Level
 Sting                    Tmut/Pois      0%         1d3       28%         1
 Poisonous Vapours        Pois/Air       0%         N/A       41%         2
 Call Canine Familiar     Summ           0%         N/A       65%         3
 Frozen Ramparts          Ice            0%         1d2       65%         3
 Portal Projectile        Hex/Tloc       0%         N/A       65%         3
 Corpse Rot               Necr/Pois/Air  0%         N/A       96%         4
 Ice Form                 Ice/Tmut       0%         N/A       96%         4
 Leda's Liquefaction      Hex/Erth       0%         N/A       96%         4
 Summon Ice Beast         Ice/Summ       0%         N/A       96%         4


Dungeon Overview and Level Annotations

Branches:
Dungeon (4/15)
 Temple: D:4-7

Altars:
Cheibriados
Gozag
Sif Muna


Innate Abilities, Weirdness & Mutations

You cannot wear most types of armour.
You are amphibious.
You can wear up to eight rings at the same time.
Your skin changes colour to match your surroundings (Stealth+).
Your rubbery body absorbs attacks. (AC +1, EV +1)
((You are camouflaged when in or above water. (Stealth+)))
You have tentacles for arms and can constrict up to eight enemies at once.


Message History

You hit the orc. You grab the orc.
The orc is heavily wounded.
You constrict the orc. The orc barely misses you.
You hit the orc.
You kill the orc!
Cheibriados appreciates the change of pace.
Press: ? - help, v - describe, . - travel, g - get item
Here: a jelly
Items here: )) [ †.
The floor.
Throw: 3 darts (curare)
Press: ? - help, Q - select action, (/) - cycle Shift-Dir - straight line, f - jelly
Aim: a jelly (90% to hit)
You throw a curare-tipped dart. The curare-tipped dart hits the jelly.
The jelly barely misses you.
Unknown command.
Press: ? - help, v - describe, . - travel, g - get item
Here: a jelly
Items here: )) [ †.
The floor.
You hit the jelly.
Your tentacles burn!
Your squeeze misses the jelly.
The jelly is moderately wounded.
You hit the jelly.
Your tentacles burn!
The jelly is heavily wounded.
The jelly hits you but does no damage.
You hit the jelly.
Your tentacles burn!
You squeeze the jelly.
The jelly is almost dead.
The jelly hits you.
* * * LOW HITPOINT WARNING * * *
The acid corrodes you!
You are splashed with acid!
* * * LOW HITPOINT WARNING * * *
Unknown command.
As you read the scroll of fog, it crumbles to dust.
The scroll dissolves into smoke.
The jelly completely misses you.
You see here a dart slug corpse.
The jelly closely misses you.
As you read the scroll labelled XOGRITWIHEXT, it crumbles to dust.
Magic quickly surges around you.
It was a scroll of vulnerability.
The jelly hits you.
You die...

..#........... ..#
###.#.######## #.#
#.#.#.###########.######
#......................#
....#.###########.####.#
..#....................#
..#....##########§####.#
..##...# #§§# ..###.##
#@## ..# #.# #J# .## #.#
#o# .# #.# #§# .####.#
#§# ......#


ho# ####### .g. .... .... You could see a jelly (weak-willed) and an orc
(weak-willed).

Vanquished Creatures
  An iguana (D:4)
  3 orc wizards (D:3)
  An adder (D:2)
  3 worms
  5 dart slugs
  11 orcs
  6 endoplasms
  2 giant cockroaches
  5 hobgoblins
  4 jackals (D:1)
  10 kobolds
  5 quokkas
  10 ball pythons
  5 bats
  4 frilled lizards
  A goblin (D:1)
  4 rats
80 creatures vanquished.

Notes
Turn   | Place    | Note
-------+----------+-------------------------------------------
     0 | D:1      | ptdevnull the Octopode Brigand began the quest for the Orb.
     0 | D:1      | Reached XP level 1. HP: 14/14 MP: 1/1
   100 | D:1      | Reached XP level 2. HP: 19/19 MP: 2/2
   681 | D:1      | Reached XP level 3. HP: 24/24 MP: 3/3
  1670 | D:2      | Reached XP level 4. HP: 29/29 MP: 4/4
  1704 | D:2      | Found a faded altar of an unknown god.
  2236 | D:3      | Found a shimmering blue altar of Sif Muna.
  2503 | D:3      | Reached XP level 5. HP: 26/34 MP: 5/5
  2510 | D:3      | Got Sif Muna's Excursus on Intoxication
  2935 | D:3      | Found a snail-covered altar of Cheibriados.
  2996 | D:3      | Became a worshipper of Cheibriados the Contemplative
  3518 | D:4      | Reached skill level 5 in Short Blades
  3702 | D:4      | Found an opulent altar of Gozag.
  3947 | D:4      | Slain by a jelly

Illustrated notes

Levels and vault maps discovered:
D:1:      lightli_arrival_lavapool, layout_basic, grunt_decor_fettered,
          st_stairs_13
D:2:      minmay_wonky_spiral, layout_rooms,
          chequers_ecumenical_altar_simple_redux
D:3:      minmay_general_purpose_star, layout_loops_corners,
          mainiacjoe_overflow_six_doors_small, led_sif_book
D:4:      layout_loops_ring, nicolae_gozag_cash_rules_everything_around_me,
          minmay_misc_feat_cross, eino_tiny_chamber, uniq_menkaure

Skill      XL: |  1  2  3  4  5 |
---------------+----------------+-----
Short Blades   | 3 4 5 |  5.0
Throwing       | 3 |  3.5
Fighting       | |  2.0
Dodging        | |  1.0
Stealth        | |  5.5

Action                   |  1- 3 |  4- 6 || total
-------------------------+-------+-------++-------
Melee: Dagger            |    74 |    91 ||   165
       Tentacles         |    11 |    20 ||    31
       Constrict         |    15 |    21 ||    36
       Punch             |     1 |     1 ||     2
Throw: Dart              |       |     1 ||     1
  Use: Scroll            |       |     6 ||     6
 Stab: Sleeping          |    17 |    12 ||    29
       Distracted        |     1 |       ||     1
Armor: Skin              |     3 |     4 ||     7
Dodge: Dodged            |    25 |    34 ||    59

Table legend: (Time is in decaauts)
 A = Elapsed time spent in this place.
 B = Non-inter-level travel time spent in this place.
 C = Inter-level travel time spent in this place.
 D = Time resting spent in this place.
 E = Time spent auto-exploring this place.
 F = Levels seen in this place.
 G = Mean time per level.
                   A        B        C        D        E       F      G
               +--------+--------+--------+--------+--------+-----+--------+
         Total |   4118 |   3933 |    185 |    323 |   3051 |   4 | 1029.5 |
       Dungeon |   4118 |   3933 |    185 |    323 |   3051 |   4 | 1029.5 |
               +--------+--------+--------+--------+--------+-----+--------+

Top non-repeatable levels by time:
     D:1: 1558 daAuts
     D:3: 1486 daAuts
     D:2: 549 daAuts
     D:4: 523 daAuts
